 Dungeon Crawl Stone Soup version 0.19.5 (webtiles) character file.

65 equalderp2856 the Caller (level 3, -1/14 HPs)
             Began as a Felid Summoner on Mar 31, 2017.
             Killed from afar by Lucio's ghost (8 damage)
             ... with a magic dart
             ... on level 3 of the Dungeon.
             The game lasted 00:09:08 (5530 turns).

equalderp2856 the Caller (Felid Summoner)           Turns: 5530, Time: 00:09:10

Health: -1/14      AC:  1    Str:  4    XL:     3   Next: 92%
Magic:  7/7        EV: 19    Int: 16    God:
Gold:   72         SH:  0    Dex: 17    Spells: 1 memorised, 5 levels left
                                        Lives:  0   Deaths: 0

rFire  . . .     SeeInvis +       - Unarmed
rCold  . . .     Gourm    .     (armour unavailable)
rNeg   . . .     Faith    .     (shield unavailable)
rPois  .         Spirit   .     (helmet unavailable)
rElec  .         Reflect  .     (cloak unavailable)
rCorr  .         Harm     .     (gloves unavailable)
MR     .....                    (boots unavailable)
Stlth  +++.......               (no amulet)
                                (no ring)
                                (no ring)

@: quick
A: no armour, no weapons or thrown items, stealth, claws 1, fangs 3, see
invisible, carnivore 3, speed 1, shaggy fur 1, slow metabolism 1, sharp paws
a: no special abilities


You were on level 3 of the Dungeon.
You were not hungry.

You visited 1 branch of the dungeon, and saw 3 of its levels.

You collected 72 gold pieces.

Inventory:

Missiles
 i - 30 poisoned needles
Jewellery
 b - an uncursed amulet of faith {unknown}
 d - an uncursed amulet of harm {unknown}
Scrolls
 c - 2 scrolls of immolation {unknown}
 g - a scroll of enchant armour {unknown}
 h - a scroll of fear {unknown}
 j - a scroll of remove curse {unknown}
 k - a scroll of identify {unknown}
Potions
 e - a potion of mutation {unknown}
 f - a potion of curing {unknown}
 l - a potion of resistance {unknown}
 m - a potion of beneficial mutation {unknown}
Books
 a - a book of Callings

   Spells                             Type                      Level
   a - Summon Small Mammal            Summoning                    1
   b - Call Imp                       Summoning                    2
   c - Call Canine Familiar           Summoning                    3
   d - Summon Guardian Golem          Hexes/Summoning              3
   e - Summon Lightning Spire         Summoning/Air                4
   f - Summon Ice Beast               Ice/Summoning                4


   Skills:
 + Level 0.2 Fighting
 + Level 3.4 Dodging
 + Level 3.3 Stealth
 + Level 2.2 Unarmed Combat
 + Level 2.2 Spellcasting
 - Level 4.2 Summonings


You had 5 spell levels left.
You knew the following spells:

 Your Spells              Type           Power        Failure   Level  Hunger
a - Summon Small Mammal   Summ           ###.         4%          1    #......


Dungeon Overview and Level Annotations

Branches:
Dungeon (3/15)

Altars:

Annotations:
D:3 Lucio's ghost, weakling VSCj


Innate Abilities, Weirdness & Mutations

You cannot wear armour.
You are incapable of wielding weapons or throwing items.
Your paws allow you to move quietly. (Stealth)
You have sharp claws.
You have razor-sharp teeth.
You have supernaturally acute eyesight. (SInv)
You are carnivorous and can eat meat at any time.
You cover ground quickly.
You are covered in fur. (AC +1)
You have a slow metabolism.
Your sharp claws are effective at attacking unaware monsters.


Message History

There is a stone staircase leading down here.
You start waiting.
Done waiting.
You start waiting.
Done waiting.
You start waiting.
Done waiting.
You climb downwards.
Level annotation: Lucio's ghost, weakling VSCj
There is a stone staircase leading up here.
A rat comes into view.
Lucio's ghost points at you and mumbles some strange words.
The magic dart hits you!
Ouch! That really hurt!
The rat moves out of view.
Lucio's ghost says, "I was once a great warrior, and I still am!"
Lucio's ghost gestures at you while chanting.
The magic dart hits you!
Ouch! That really hurt!
You die...

S...# ...
..%....######.....
..........<.#.....
.................(
..(..........#....
.................?
............#.....
..................
........@?S.#.....
.!...............W
........<.#.W.....
..........#.#....
........... # ...
......###.## ..
...... #.. #
...... ....


You could see Lucio's ghost and an adder (wandering).

Vanquished Creatures
  A worm (D:2)
  4 dart slugs
  A leopard gecko (D:1)
  6 bats
  4 giant cockroaches
  7 goblins
  7 hobgoblins
  4 jackals (D:1)
  A quokka (D:2)
  5 kobolds
  5 rats
45 creatures vanquished.

Notes
Turn   | Place    | Note
-------+----------+-------------------------------------------
     0 | D:1      | equalderp2856 the Felid Summoner began the quest for the Orb.
     0 | D:1      | Reached XP level 1. HP: 7/7 MP: 4/4
   337 | D:1      | Reached XP level 2. HP: 5/11 MP: 6/6
  1180 | D:1      | Reached skill level 1 in Unarmed Combat
  2213 | D:1      | Reached XP level 3. HP: 12/14 MP: 7/7
  4204 | D:3      | Noticed Lucio's ghost (weakling VSCj)
  5530 | D:3      | Killed from afar by Lucio's ghost

Skill      XL: |  1  2  3 |
---------------+----------+-----
Dodging        | 3 |  3.4
Unarmed Combat | 1 2 |  2.2
Stealth        | 3 |  3.3
Fighting       | |  0.2
Spellcasting   | |  2.2
Summonings     | |  4.2

Action                   || total
-------------------------++-------
Melee: Unarmed           ||   224
       Bite              ||    14
 Stab: Sleeping          ||     9
  Eat: Chunk             ||     5
       Meat ration       ||     1
Armor: Skin              ||    13
Dodge: Dodged            ||   186
